 Dungeon Crawl Stone Soup version 0.31.0-32-g396128a36d (webtiles) character file.

Game seed: 10178120610915262843

41 ChrisAssaf the Changeling (level 3, 0/26 HPs)
             Began as a Human Shapeshifter on Mar 10, 2024.
             Was an Initiate of Ashenzari.
             Slain by a gnoll
             ... wielding a +0 halberd
              (15 damage)
             ... on level 2 of the Dungeon.
             The game lasted 00:04:08 (553 turns).

ChrisAssaf the Changeling (Human Shapeshifter)       Turns: 553, Time: 00:04:08

Health: 0/26       AC:  2    Str: 14    XL:     3   Next: 52%
Magic:  3/3        EV: 12    Int: 12    God:    Ashenzari [......]
Gold:   69         SH:  0    Dex: 12    Spells: 2/2 levels left

rFire   . . .        e - +0 whip "Clairvoyant Trepidation" {distort, Sorc, Bglg} (curse)
rCold   . . .        (no shield)
rNeg    . . .        a - +0 animal skin
rPois   .            (helmet currently unavailable)
rElec   .            (cloak currently unavailable)
rCorr   .            (gloves currently unavailable)
SInv    .            (boots currently unavailable)
Will    .....        (no amulet)
Stlth   +            (no ring)
HPRegen 0.24/turn    (no ring)
MPRegen 0.08/turn

%: no passive effects
@: beast-form
A: beast (slay +1), explore regen
a: Begin Untransformation, Renounce Religion, Shatter the Chains


You were on level 2 of the Dungeon.
You worshipped Ashenzari.
Ashenzari was noncommittal.
You were a hulking beast.
You visited 1 branch of the dungeon, and saw 2 of its levels.

You collected 69 gold pieces.

Inventory:

Hand Weapons
 e - the cursed +0 whip "Clairvoyant Trepidation" (weapon) {distort, Sorc, Bglg}
   (You found it on level 1 of the Dungeon)

   It has a curse which improves the following skills: Sorcery: Conjurations and
   Alchemy.
   Beguiling: Hexes and Translocations.
Armour
 a - a +0 animal skin (worn)
Talismans
 c - a beast talisman (active)
 d - a flux talisman
 f - a serpent talisman
Scrolls
 h - a scroll of blinking
Potions
 b - a potion of lignification


   Skills:
 * Level 1.2 Fighting
 * Level 1.0 Maces & Flails
 * Level 0.7 Armour
 * Level 2.3 Dodging
 * Level 0.5 Stealth
 + Level 3.1 Unarmed Combat
 * Level 3.4 Shapeshifting


You had 2 spell levels left.
You didn't know any spells.
Your spell library was empty.

Dungeon Overview and Level Annotations

Branches:
Dungeon (2/15)

Altars:
Ashenzari


Innate Abilities, Weirdness & Mutations

You are a hulking beast.
Your limbs bulge with bestial killing power. (Slay +1)
You regain HP and MP as you explore.


Message History

You closely miss the bat. The bat hits you but does no damage.
The bat completely misses you.
There is a broken altar of Ashenzari here.
You closely miss the bat. Your punch misses the bat. The bat misses you.
You miss the bat. Your punch misses the bat. The bat barely misses you.
You enter the shallow water.
Moving in this stuff is going to be slow.
The bat closely misses you.
You closely miss the bat. The bat barely misses you. The bat barely misses you.
The bat closely misses you.
Ashenzari invites you to partake of a vision and a curse of sorcery and beguiling.
You hit the bat.
You kill the bat!
Your Maces & Flails skill increases to level 1!
Your +0 whip of distortion glows black for a moment.
You enter the shallow water.
Moving in this stuff is going to be slow.
You enter the shallow water.
Moving in this stuff is going to be slow.
Found a stone staircase leading down.
You now have 69 gold pieces (gained 10).
A goblin comes into view. It is wielding a +0 club.
Found a whip.
The goblin completely misses you.
You barely miss the goblin. The goblin misses you.
The goblin barely misses you.
You miss the goblin.
The gnoll shouts!
You hear a shout!
The gnoll hits you from afar with a +0 halberd.
The goblin hits you but does no damage.
A gnoll comes into view. It is wielding a +0 whip.
The gnoll shouts!
The gnoll attacks as it pursues you! The gnoll barely misses you.
A gnoll comes into view. It is wielding a +0 mace.
You miss the goblin. The goblin hits you with a +0 club.
The gnoll barely misses you.
You barely miss the goblin. The goblin hits you with a +0 club.
The gnoll hits you from afar with a +0 halberd!
Ouch! That really hurt!
You die...

#..# #. ..# ......
.........## ....# #.
.....# g... #. ....#
g.. #. ...# ..# ##
#..# ##..# ## . .
##.. #..# #.g.# ..#
# . #.. #..###g#
...## .##..
###.....h# #.#.
....# ###.....#### #
#... ....###...##..#
#.#...
....##..####..#
...... ...>##.##
#..# .# ......
.......#####..####.#
###...
≈..######..........#
###. ~..#
#..........# #. ~~.#
#........... ......


You could see 3 gnolls and a goblin.

Vanquished Creatures
  2 endoplasms (D:1)
  3 giant cockroaches (D:2)
  A goblin (D:2)
  A hobgoblin (D:1)
  6 jackals
  3 kobolds (D:1)
  3 quokkas
  5 ball pythons
  3 bats
  A frilled lizard (D:2)
  5 rats
33 creatures vanquished.

Notes
Turn   | Place    | Note
-------+----------+-------------------------------------------
     0 | D:1      | ChrisAssaf the Human Shapeshifter began the quest for the
                  | Orb.
     0 | D:1      | Reached XP level 1. HP: 15/15 MP: 1/1
    61 | D:1      | Reached XP level 2. HP: 16/21 MP: 2/2
   338 | D:2      | Reached XP level 3. HP: 25/26 MP: 3/3
   421 | D:2      | HP: 1/26 [gnoll/+0 halberd (14)]
   474 | D:2      | Found a faded altar of an unknown god.
   502 | D:2      | Prayed at the altar of an unknown god.
   502 | D:2      | Became a worshipper of Ashenzari the Shackled
   515 | D:2      | Reached skill level 1 in Maces & Flails
   553 | D:2      | Slain by a gnoll

Illustrated notes

Levels and vault maps discovered:
D:1:      dpeg_arrival_rooms_a, layout_rooms
D:2:      layout_rooms, chequers_ecumenical_altar_island

Skill      XL: |  1  2  3 |
---------------+----------+-----
Maces & Flails | 1 |  1.0
Fighting       | |  1.2
Armour         | |  0.7
Dodging        | |  2.3
Stealth        | |  0.5
Unarmed Combat | |  3.1
Shapeshifting  | |  3.4

Action                     || total
---------------------------++-------
  Melee: Whip              ||    82
         Unarmed           ||     7
         Constrict         ||     1
         Punch             ||     1
 Invoke: Curse Item        ||     1
    Use: Scroll            ||     5
         Potion            ||     1
 Armour: Animal skin       ||    67
         Skin              ||     2
  Dodge: Dodged            ||    89
   Form: Beast             ||     2
         Flux              ||     1
         Serpent           ||     1
